Map: Efflorescence LE

Players

Massa - Winner!

  • Race: Terran Terran
  • League: Gold
  • Spawn Location: 6:00

qqq - Winner!

  • Race: Protoss Protoss
  • Spawn Location: 9:00

GRAFOLAF

  • Race: Protoss Protoss
  • Spawn Location: 12:00

GRAF

  • Race: Zerg Zerg
  • Spawn Location: 3:00

VOD

Have the link to the VOD?

Description

Time

  • Played on: July 2, 2020, 7:52 a.m.
  • Length: 14:46
Show
View Real Time Build Order
Export as new Build Order

Massa Terran - Winner!

Build Orders:  

Get SALT Encoding   

  12  0:10  Supply Depot  
  12  0:13  SCV  
  13  0:25  SCV  
  14  0:38  Barracks  
  14  0:39  SCV  
  15  0:52  SCV  
  16  1:04  SCV  
  17  1:16  SCV  
  18  1:22  Refinery  
  18  1:25  Supply Depot  
  18  1:28  SCV  
  19  1:48  SCV  
  19  1:50  Marine  
  21  2:02  Command Center  
  21  2:08  Marine  
  21  2:14  SCV  
  23  2:26  Marine  
  24  2:42  Barracks  
  24  2:44  Bunker, Marine  
  24  3:02  Marine  
  24  3:05  Orbital Command  
  25  3:19  Marine  
  25  3:20  Supply Depot  
  26  3:33  Factory  
  26  3:34  Marine  
  26  3:35  Barracks  
  26  3:37  Marine  
  28  3:52  Marine  
  29  4:00  SCV  
  31  4:07  Orbital Command  
  30  4:12  SCV  
  31  4:18  Factory Tech Lab  
  31  4:20  Refinery  
  32  4:24  SCV, Reaper  
  32  4:25  Reaper  
  32  4:28  Engineering Bay  
  32  4:30  Barracks Tech Lab  
  34  4:45  SCV x2  
  36  4:57  SCV  
  36  4:58  Barracks Reactor, Barracks Tech Lab  
  37  5:14  Missile Turret  
  37  5:22  Terran Infantry Weapons Level 1  
  37  5:25  Concussive Shells  
  37  5:26  Command Center  
  37  5:32  Marine  
  37  5:34  Missile Turret  
  37  5:35  Marauder  
  40  5:50  Marine  
  40  5:55  Missile Turret  
  41  6:00  SCV x2  
  43  6:12  SCV, Siege Tank  
  43  6:13  SCV  
  43  6:17  Missile Turret  
  48  6:24  SCV  
  48  6:25  SCV  
  50  6:36  SCV  
  50  6:37  SCV  
  51  6:49  SCV  
  52  7:04  SCV  
  52  7:05  SCV  
  54  7:11  Siege Tank  
  57  7:16  SCV  
  57  7:17  SCV  
  58  7:28  SCV  
  58  7:29  SCV  
  60  7:31  Command Center  
  60  7:35  Terran Infantry Armor Level 1  
  60  7:37  Starport  
  60  7:41  SCV x2  
  60  7:43  Refinery  
  62  7:45  Refinery  
  62  7:53  SCV x2, Missile Turret  
  64  7:59  Orbital Command  
  64  8:05  SCV x2  
  66  8:17  SCV x2  
  66  8:19  Supply Depot  
  68  8:20  Supply Depot  
  68  8:29  SCV  
  69  8:40  SCV  
  69  8:41  Marauder, Marine x2, Supply Depot  
  72  8:43  Supply Depot  
  72  8:46  Bunker  
  74  8:53  SCV x3, Missile Turret  
  77  8:59  Marine x2  
  77  9:02  Marauder  
  81  9:05  SCV, Medivac  
  84  9:17  Bunker, Marine x2  
  84  9:18  Supply Depot  
  84  9:24  Marauder  
  88  9:27  Armory  
  88  9:30  Command Center  
  88  9:34  Marine  
  88  9:35  Reaper, Marine, Medivac  
  93  9:40  Refinery  
  93  9:45  Marauder  
  95  9:48  Combat Shield  
  95  9:53  Reaper x2, Siege Tank  
  100  10:06  Marauder  
  102  10:07  Reaper  
  102  10:08  SCV  
  102  10:09  SCV x3  
  107  10:20  SCV  
  107  10:21  SCV x3  
  111  10:25  Reaper x2, Sensor Tower  
  113  10:32  SCV  
  113  10:33  SCV x3  
  117  10:39  Terran Infantry Weapons Level 2, Terran Vehicle Weapons Level 1  
  117  10:43  Engineering Bay  
  117  10:44  SCV  
  117  10:45  SCV x3  
  121  10:51  Barracks Tech Lab  
  121  10:57  SCV x4  
  125  11:12  Armory  
  125  11:24  Barracks  
  125  11:33  Marauder x2, Factory  
  125  11:34  Marine x2  
  131  11:52  Refinery, Marine x2  
  133  11:54  SCV x3, Marauder  
  133  11:55  SCV  
  133  11:56  Planetary Fortress  
  139  12:02  Refinery  
  139  12:03  Refinery  
  139  12:07  Supply Depot  
  139  12:08  Supply Depot x2  
  139  12:10  Supply Depot x2  
  139  12:13  Supply Depot  
  139  12:16  SCV x2, Marine  
  139  12:17  SCV, Marine  
  139  12:18  SCV  
  139  12:27  Barracks Tech Lab  
  139  12:28  SCV, Factory Tech Lab  
  139  12:29  SCV x2, Marauder x2  
  146  12:30  SCV, Thor, Supply Depot  
  146  12:34  Marine, Supply Depot  
  146  12:35  Marine  
  155  12:40  Supply Depot  
  155  12:41  SCV  
  156  12:50  Marauder x2  
  158  13:02  Marauder  
  158  13:03  Supply Depot  
  158  13:04  Marine x2  
  162  13:11  Marauder x2  
  166  13:13  Thor  
  171  13:21  Marine  
  171  13:22  Marine  
  171  13:24  Marauder  
  174  13:27  Supply Depot  
  174  13:33  Marauder x2  
  178  13:39  Marine  
  178  13:40  Marine  
  178  13:45  Marauder  
  180  13:50  Supply Depot  
  180  13:54  Marauder x2  
  184  13:57  Marine x2  
  186  14:06  Marauder  
  188  14:12  Supply Depot  
  188  14:15  Marauder x2, Marine x2  
  188  14:35  Supply Depot  
Show
View Real Time Build Order
Export as new Build Order

qqq Protoss - Winner!

Build Orders: 1 Gate Expand, Carriers 

Get SALT Encoding   

  12  0:05  Probe  
  13  0:17  Probe  
  14  0:21  Pylon  
  14  0:31  Pylon  
  14  0:46  Probe  
  15  0:51  Gateway  
  15  0:58  Probe  
  15  1:02  Pylon  
  16  1:32  Nexus  
  16  1:35  Probe  
  17  1:42  Assimilator  
  17  1:49  Cybernetics Core  
  17  1:55  Assimilator  
  17  1:57  Probe  
  18  2:09  Probe  
  19  2:21  Probe  
  19  2:22  Stalker  
  20  2:33  Probe  
  23  2:45  Probe x2  
  25  2:58  Probe x2  
  27  3:00  Stargate  
  27  3:10  Probe  
  28  3:22  Probe  
  29  3:30  Assimilator  
  30  3:34  Probe, Assimilator  
  30  3:44  Stargate  
  30  3:46  Probe  
  31  3:58  Probe  
  32  4:05  Pylon  
  32  4:07  Shield Battery  
  32  4:10  Probe, Phoenix  
  35  4:23  Probe  
  35  4:24  Forge  
  35  4:28  Protoss Air Weapons Level 1  
  36  4:32  Probe  
  36  4:33  Phoenix  
  36  4:35  Phoenix  
  41  4:41  Probe  
  42  4:53  Probe  
  42  4:58  Phoenix  
  45  5:05  Probe  
  46  5:18  Probe  
  47  5:30  Probe  
  47  5:32  Phoenix x2  
  52  5:40  Pylon  
  52  5:58  Pylon  
  52  6:08  Phoenix x2  
  52  6:09  Photon Cannon  
  56  6:12  Photon Cannon, Pylon  
  56  6:16  Fleet Beacon  
  56  6:17  Robotics Facility  
  56  6:32  Nexus  
  56  6:33  Phoenix x2  
  60  6:52  Pylon  
  60  6:54  Pylon  
  60  6:59  Phoenix  
  60  7:01  Probe  
  63  7:04  Photon Cannon  
  63  7:06  Photon Cannon  
  63  7:13  Probe  
  64  7:23  Photon Cannon  
  64  7:25  Probe  
  65  7:31  Carrier  
  71  7:38  Observer  
  72  7:56  Phoenix  
  72  8:13  Probe  
  73  8:21  Carrier  
  73  8:25  Probe  
  80  8:32  Anion Pulse-Crystals  
  80  8:35  Probe, Carrier  
  87  8:43  Probe  
  87  8:48  Protoss Air Armor Level 1  
  88  8:51  Probe  
  89  9:03  Probe  
  90  9:12  Nexus  
  90  9:14  Pylon  
  90  9:16  Probe  
  91  9:17  Pylon  
  91  9:20  Photon Cannon  
  91  9:26  Carrier  
  91  9:28  Probe  
  98  9:31  Mothership  
  98  9:40  Probe, Carrier  
  113  9:52  Probe  
  114  10:04  Probe  
  115  10:16  Probe  
  116  10:28  Probe  
  116  10:30  Carrier, Assimilator  
  116  10:34  Assimilator  
  123  10:39  Probe  
  123  10:40  Probe, Photon Cannon  
  123  10:42  Photon Cannon  
  125  10:43  Shield Battery  
  125  10:44  Carrier  
  131  10:51  Probe  
  131  10:52  Probe  
  131  10:55  Stargate  
  133  10:58  Pylon  
  133  11:01  Pylon  
  133  11:02  Pylon  
  133  11:03  Probe  
  134  11:04  Probe  
  134  11:06  Assimilator  
  134  11:10  Assimilator  
  135  11:15  Probe  
  135  11:16  Photon Cannon  
  135  11:17  Probe  
  135  11:18  Photon Cannon  
  137  11:22  Photon Cannon  
  137  11:27  Probe  
  138  11:34  Carrier  
  138  11:35  Stargate  
  138  11:39  Probe  
  145  11:45  Carrier  
  151  11:50  Probe  
  151  11:52  Probe  
  151  11:53  Protoss Air Weapons Level 2  
  153  12:02  Probe  
  153  12:04  Probe  
  155  12:14  Probe, Carrier  
  162  12:16  Probe  
  162  12:18  Pylon  
  163  12:26  Probe  
  164  12:30  Pylon  
  164  12:32  Pylon  
  164  12:34  Pylon  
  164  12:35  Pylon  
  164  12:36  Probe, Carrier  
  171  12:39  Probe, Pylon  
  171  12:48  Probe  
  171  12:50  Tempest  
  169  13:01  Probe  
  170  13:13  Probe  
  169  13:23  Carrier x2  
  169  13:25  Probe  
  182  13:33  Carrier  
  188  13:41  Carrier  
  190  14:11  Photon Cannon  
  190  14:12  Shield Battery  
  190  14:15  Photon Cannon  
  190  14:16  Pylon  
Show
View Real Time Build Order
Export as new Build Order

GRAFOLAF Protoss 

Build Orders: Nexus First 

Get SALT Encoding   

  12  0:01  Probe  
  13  0:22  Pylon  
  13  0:23  Probe  
  14  0:53  Nexus  
  14  1:08  Gateway  
  14  1:10  Probe  
  15  1:19  Pylon  
  15  1:24  Probe  
  16  1:36  Probe  
  17  1:42  Assimilator  
  17  2:37  Cybernetics Core  
  17  2:41  Probe  
  18  2:45  Probe  
  19  2:53  Probe  
  19  2:57  Pylon  
  19  2:58  Probe  
  21  3:05  Probe  
  21  3:08  Probe  
  21  3:09  Assimilator  
  23  3:16  Probe  
  23  3:17  Probe  
  24  3:25  Probe  
  25  3:30  Probe  
  25  3:31  Forge  
  25  3:33  Gateway  
  27  3:36  Probe, Stalker  
  30  3:42  Probe  
  30  3:46  Pylon  
  30  3:48  Probe  
  32  3:50  Pylon  
  32  3:53  Pylon  
  32  3:57  Pylon  
  32  4:01  Pylon  
  32  4:03  Pylon  
  32  4:08  Probe  
  33  4:17  Stargate  
  33  4:19  Stargate  
  33  4:20  Probe  
  34  4:28  Probe  
  35  4:32  Probe  
  35  4:36  Assimilator  
  36  4:40  Probe  
  36  4:44  Probe  
  38  4:46  Stalker  
  38  4:47  Stalker  
  38  4:52  Probe  
  43  4:57  Probe, Twilight Council  
  44  5:00  Gateway  
  44  5:04  Probe  
  44  5:06  Gateway  
  45  5:11  Photon Cannon  
  45  5:16  Probe  
  46  5:25  Assimilator  
  46  5:28  Fleet Beacon  
  46  5:34  Warp Gate  
  46  5:56  Nexus  
  46  5:59  Pylon  
  46  6:03  Pylon  
  46  6:07  Blink  
  43  7:21  Probe  
  45  7:22  Probe  
  45  7:26  Protoss Ground Weapons Level 1  
  45  7:29  Stalker x4  
  53  7:33  Probe x2  
  53  7:35  Probe  
  56  7:45  Probe x2  
  56  7:47  Probe  
  59  7:53  Stalker x2  
  59  7:54  Stalker x2  
  59  7:56  Photon Cannon  
  59  7:57  Probe  
  59  7:58  Probe, Photon Cannon  
  69  7:59  Probe  
  69  8:01  Photon Cannon  
  69  8:05  Shield Battery  
  70  8:08  Shield Battery  
  70  8:09  Probe  
  70  8:10  Shield Battery  
  70  8:11  Probe  
  72  8:22  Probe  
  72  8:23  Carrier x2  
  83  8:36  Probe  
  83  8:38  Assimilator  
  84  8:42  Stalker x4  
  84  8:43  Assimilator  
  84  8:48  Probe  
  93  8:53  Pylon  
  93  8:56  Pylon  
  93  9:00  Probe  
  93  9:01  Forge  
  91  9:10  Photon Cannon  
  91  9:11  Photon Cannon  
  91  9:12  Probe  
  91  9:14  Photon Cannon  
  91  9:15  Photon Cannon, Pylon  
  92  9:18  Pylon  
  92  9:22  Pylon  
  92  9:24  Probe  
  92  9:25  Pylon  
  92  9:27  Pylon  
  93  9:33  Carrier  
  99  9:42  Carrier  
  105  9:58  Stalker x2  
  105  9:59  Stalker  
  111  10:00  Stalker  
  113  10:20  Photon Cannon  
  113  10:23  Photon Cannon  
  113  10:25  Photon Cannon  
  113  10:31  Photon Cannon  
  113  10:35  Probe, Photon Cannon  
  114  10:47  Probe  
  115  10:54  Protoss Ground Weapons Level 2  
  115  10:57  Protoss Ground Armor Level 1  
  115  10:59  Probe  
  115  11:02  Stalker x4  
  124  11:11  Probe, Protoss Air Weapons Level 1  
  125  11:23  Probe, Nexus  
  126  11:32  Gateway x2  
  126  11:35  Gateway  
  126  11:37  Gateway  
  126  11:46  Dark Shrine  
  126  11:57  Pylon  
  126  11:58  Pylon  
  126  12:00  Pylon  
  126  12:03  Photon Cannon  
  126  12:05  Photon Cannon x2  
  126  12:07  Shield Battery  
  126  12:10  Shield Battery  
  126  12:22  Stalker  
  126  12:23  Stalker x3  
  126  13:22  Stalker x6  
  126  13:23  Stalker x2  
  86  13:38  Dark Templar x2  
  86  13:41  Dark Templar x3  
  88  13:42  Dark Templar x2  
  81  14:26  Zealot x6  
Show
View Real Time Build Order
Export as new Build Order

GRAF Zerg 

Build Orders: Pool First 

Get SALT Encoding   

  12  0:01  Drone  
  13  0:12  Overlord  
  13  0:20  Drone  
  14  0:32  Extractor  
  13  0:38  Spawning Pool  
  13  0:40  Drone  
  13  0:45  Drone  
  13  0:49  Drone  
  15  0:56  Drone  
  16  1:09  Drone  
  17  1:25  Queen  
  19  1:26  Zergling x4  
  21  1:33  Metabolic Boost  
  21  1:36  Drone  
  22  1:48  Overlord  
  22  2:04  Hatchery  
  21  2:11  Baneling Nest  
  19  2:37  Zergling x2  
  19  2:38  Zergling x6  
  19  2:39  Zergling x4  
  25  2:53  Queen  
  25  2:55  Zergling x2  
  28  2:58  Baneling x2  
  28  3:04  Zergling x2  
  29  3:19  Baneling x2  
  29  3:23  Zergling x4  
  29  3:24  Zergling x4  
  29  3:26  Drone  
  34  3:28  Drone  
  27  4:03  Drone x5  
  27  4:06  Extractor  
  31  4:14  Drone  
  32  4:18  Drone  
  32  4:22  Drone  
  34  4:28  Hatchery  
  34  4:29  Drone  
  34  4:30  Drone  
  35  4:32  Drone  
  36  4:46  Overlord x2  
  36  4:50  Overlord  
  36  4:59  Lair  
  36  5:05  Queen  
  38  5:09  Drone  
  38  5:11  Drone  
  41  5:14  Drone  
  41  5:19  Drone x2  
  43  5:22  Drone  
  43  5:25  Drone  
  43  5:27  Drone  
  46  5:30  Drone  
  45  6:07  Zergling x6  
  48  6:16  Baneling x2, Hydralisk Den  
  48  6:17  Baneling x4  
  47  6:31  Drone x2, Queen  
  51  6:40  Extractor  
  51  6:41  Extractor  
  43  6:49  Drone  
  44  7:02  Drone x2  
  44  7:03  Drone x3  
  49  7:09  Evolution Chamber  
  49  7:10  Evolution Chamber  
  49  7:13  Infestation Pit  
  49  7:14  Hydralisk x4  
  49  7:15  Hydralisk x5  
  64  7:17  Overlord x3  
  64  7:19  Grooved Spines  
  64  7:21  Drone  
  65  7:44  Spore Crawler  
  64  7:47  Spore Crawler  
  57  7:52  Hydralisk  
  57  7:53  Hydralisk x5  
  57  7:56  Zerg Missile Weapons Level 1  
  69  8:03  Zerg Ground Armor Level 1  
  69  8:10  Drone  
  69  8:11  Queen  
  72  8:29  Drone x2  
  72  8:30  Muscular Augments  
  72  8:32  Spore Crawler  
  73  8:40  Hive  
  73  8:44  Drone x6  
  79  8:49  Overlord  
  79  9:14  Spore Crawler  
  79  9:15  Drone x3  
  81  9:22  Neural Parasite  
  81  9:26  Pneumatized Carapace  
  81  9:29  Overseer  
  81  9:31  Overseer  
  81  9:36  Drone x2, Spore Crawler  
  82  9:52  Lurker Den  
  81  9:55  Zerg Missile Weapons Level 2  
  81  9:57  Zerg Ground Armor Level 2, Ultralisk Cavern  
  80  10:36  Viper  
  80  10:37  Viper  
  80  10:38  Viper  
  80  10:42  Extractor  
  88  10:43  Drone  
  88  10:44  Extractor  
  88  10:46  Overlord x4  
  88  10:58  Drone  
  89  11:31  Drone x5  
  94  11:33  Drone x4  
  94  11:35  Ultralisk  
  94  11:38  Ultralisk x2  
  116  11:42  Overlord x4  
  116  11:44  Adrenal Glands  
  116  12:00  Zergling x20  
  116  12:01  Zergling x6  
  129  12:22  Chitinous Plating  
  70  13:10  Hydralisk  
  70  13:11  Hydralisk x10  
  92  13:16  Hydralisk x2  
  92  13:17  Hydralisk  
Tags
 
Add a new tag
Caveats
  • Supply blocks, unpowered buildings, or Contaminate may cause inaccurate times.
  • Supply counts are checked every 10 seconds.